 Dungeon Crawl Stone Soup version 0.26-a0-962-g9b92081034 (webtiles) character file.

Game seed: 4892441579844537604

192861 Peloso the Hoplite (level 18, -8/167 HPs)
             Began as a Minotaur Fighter on Dec 2, 2020.
             Was the Champion of Okawaru.
             Killed from afar by a deep elf mage (35 damage)
             ... with a bolt of lightning
             ... on level 1 of the Elven Halls.
             The game lasted 01:55:04 (44647 turns).

Peloso the Hoplite (Minotaur Fighter)              Turns: 44647, Time: 01:55:04

Health: -8/167     AC: 19    Str: 29    XL:     18   Next: 5%
Magic:  18/18      EV: 14    Int:  2    God:    Okawaru [******]
Gold:   504        SH: 25    Dex: 14    Spells: 17/17 levels left

rFire    + . .     SeeInvis .   a - +9 sword of Zonguldrok {reap}
rCold    + . .     Faith    .   c - +2 kite shield
rNeg     + + +     Spirit   .   D - +1 chain mail "Hunomn" {rN+++ rCorr Int-3 Stlth+}
rPois    +         Reflect  +   W - +1 hat of Complete Protection {MR+ Str+2 Slay+3}
rElec    .         Harm     .   e - scarf {rC+ rF+}
rCorr    +         Rampage  .   m - +0 pair of gloves {archery}
MR       ++...                  A - +1 pair of boots of the Planets {Str+2}
Stlth    ..........             y - amulet of reflection
HPRegen  0.37/turn              (no ring)
MPRegen  0.16/turn              O - ring of poison resistance

@: no status effects
A: retaliatory headbutt, horns 2
a: Heroism, Finesse, Renounce Religion


You were on level 1 of the Elven Halls.
You worshipped Okawaru.
Okawaru was exalted by your worship.
You visited 6 branches of the dungeon, and saw 28 of its levels.
You visited the Abyss 1 time.
You also visited: Sewer, Bailey and Ice Cave.

You collected 3724 gold pieces.
You spent 3220 gold pieces at shops.

Inventory:

Hand Weapons
 a - the +9 sword of Zonguldrok (weapon) {reap}
   (You bought it in a shop on level 1 of the Orcish Mines)

   If a monster killed with it leaves a corpse in good enough shape, the corpse
   will be animated as a zombie friendly to the killer.
 b - a +3 double sword of holy wrath
 f - the +6 demon blade "Xaewit" {drain, rF+}
   (Okawaru gifted it to you on level 6 of the Lair of Beasts)

   A truly terrible weapon, it drains the life of those it strikes.
   It protects you from fire.
 s - a +4 scimitar of flaming
Armour
 c - a +2 kite shield (worn)
 e - a scarf of resistance (worn)
 m - a +0 pair of gloves of archery (worn)
 A - the +1 pair of boots of the Planets (worn) {Str+2}
   (You found it on level 15 of the Dungeon)

   It affects your strength (+2).
 D - the +1 chain mail "Hunomn" (worn) {rN+++ rCorr Int-3 Stlth+}
   (You found it on level 5 of the Dungeon)

   It affects your intelligence (-3).
   It renders you almost immune to negative energy.
   It provides partial protection from all sources of acid and corrosion.
   It makes you more stealthy.
 Q - a +0 chain mail of poison resistance
 W - the +1 hat of Complete Protection (worn) {MR+ Str+2 Slay+3}
   (Okawaru gifted it to you on level 14 of the Dungeon)

   It affects your strength (+2).
   It affects your accuracy and damage with ranged weapons and melee attacks
   (+3).
   It affects your resistance to hostile enchantments.
Jewellery
 i - an uncursed ring of see invisible
 y - an amulet of reflection (around neck)
 B - an uncursed ring of flight
 N - an uncursed ring of resist corrosion
 O - a ring of poison resistance (right hand)
Wands
 d - a wand of digging (4)
 v - a wand of flame (42)
 I - a wand of acid (10)
Scrolls
 h - 18 scrolls of teleportation
 j - 11 scrolls of remove curse
 k - 14 scrolls of identify
 n - 7 scrolls of noise
 o - 8 scrolls of immolation
 F - a scroll of brand weapon
 H - 2 scrolls of amnesia
 K - a scroll of fog
 L - 4 scrolls of fear
 M - 2 scrolls of enchant weapon
 P - 2 scrolls of magic mapping
Potions
 g - 4 potions of haste
 p - a potion of cancellation
 q - a potion of heal wounds
 r - 14 potions of curing
 w - a potion of ambrosia
 x - 6 potions of might
 z - 3 potions of berserk rage
 C - a potion of experience
 E - a potion of invisibility
 G - 2 potions of resistance
 J - 4 potions of mutation
 V - 2 potions of flight
Miscellaneous
 l - a box of beasts
 t - a tin of tremorstones (2/2)
 u - a phial of floods


   Skills:
 + Level 16.3 Fighting
 + Level 18.7 Long Blades
 + Level 14.8 Armour
 + Level 8.2 Dodging
 + Level 3.4 Stealth
 + Level 22.3 Shields
 + Level 1.5 Invocations
 + Level 2.3 Evocations


You had 17 spell levels left.
You didn't know any spells.
Your spell library contained the following spells:

 Spells                   Type           Power        Failure   Level
 Animate Skeleton         Necr           #.....       91%         1
 Apportation              Tloc           #.....       91%         1
 Corona                   Hex            #......      91%         1
 Summon Small Mammal      Summ           #...         91%         1
 Blink                    Tloc           N/A          97%         2
 Call Imp                 Summ           #.......     97%         2
 Call Canine Familiar     Summ           #.......     100%        3
 Confusing Touch          Hex            #.......     100%        3
 Gell's Gravitas          Tloc           #.........   100%        3
 Lesser Beckoning         Tloc           #.........   100%        3
 Summon Guardian Golem    Hex/Summ       #.......     100%        3
 Teleport Other           Tloc           #.......     100%        3
 Passage of Golubria      Tloc           N/A          100%        4
 Petrify                  Tmut/Erth      #.......     100%        4
 Summon Ice Beast         Ice/Summ       #.......     100%        4
 Summon Lightning Spire   Summ/Air       #.......     100%        4
 Metabolic Englaciation   Hex/Ice        #.........   100%        5
 Yara's Violent Unravell  Hex/Tmut       #.........   100%        5


Dungeon Overview and Level Annotations

Branches:
Dungeon (15/15)            Temple (0/1) D:7            Lair (6/6) D:9
  Swamp (1/4) Lair:3       Spider (3/4) Lair:2        Slime (0/5) Lair:5
    Orc (2/2) D:12            Elf (1/3) Orc:2        Vaults (0/5) D:14
 Depths (0/5) D:15          Sewer (visited)          Bailey (visited)
  IceCv (visited)

Altars:
Cheibriados
Elyvilon
Gozag
Makhleb
Okawaru
Zin
The Shining One
Beogh

Shops:
D:5 :   D:6 (   D:7 *   D:9 *!   D:11 (   D:12 *   D:13 !   Orc:1 (=
Orc:2 :=[}   Elf:1 !!


Innate Abilities, Weirdness & Mutations

You reflexively headbutt those who attack you in melee.
You have a pair of horns on your head.


Message History

The bolt of lightning hits your deep elf mage zombie!!
Your deep elf mage zombie is destroyed!
The bolt of lightning hits your deep elf mage zombie!!
Your deep elf mage zombie is destroyed!
The bolt of lightning hits you!
* * * LOW HITPOINT WARNING * * *
Your deep elf knight zombie hits the deep elf mage with a +0 scimitar.
You see here a +0 rapier.
The deep elf archer blinks!
The deep elf mage gestures at you while chanting.
The bolt of lightning misses you.
Your deep elf knight zombie misses the deep elf mage.
Unknown command.
You see here a +0 rapier.
You feel better.
The deep elf archer shoots an arrow.
You reflect the arrow off an invisible shield around you!
The arrow hits the deep elf archer!
The deep elf mage casts a spell at you. The bolt of lightning hits you!!
You die...

##).#* *,* **,***+** **,**
##)## *,* **,** #.# **,**
##)## *,* **,** #.#**,**
##)## *,* **,** #.#*,**
##(###+## **,** #.##***###
## ##'#...##*,**
#####..#,,.... .#
##.....#+** #..##'#*,⌠....
.#
#.).....######)e..)##.($...
.#
#..)P...'.@()')Z).).'......
.#
#..e....######....###.....#
.# ##.....## #..### **#...'
.# ##...## #### *,..# .#
##### ****# ##


You could see a deep elf archer (repels missiles), a deep elf mage and a
friendly deep elf knight zombie.

Vanquished Creatures
  Rupert (D:12)
  A tentacled starspawn (Abyss:1)
  Frances (Elf:1)
  Kirke (Lair:5)
  A ghost moth (Spider:2)
  3 emperor scorpions
  3 entropy weavers
  A caustic shrike skeleton (D:15)
  The ghost of hidenotslide the Severer, a journeyman MiMo of Zin (Lair:4)
  Azrael (D:12)
  A dire elephant (Lair:6)
  3 starcursed masses (Abyss:1)
  A deep elf death mage (Elf:1)
  Josephine (D:14)
  3 eleionomae (Swamp:1)
  A fire dragon (D:14)
  Erolcha (Orc:1)
  4 vault guards (D:14)
  3 boulder beetles
  10 hydras
  2 death knights
  8 centaur warriors
  An alligator (Lair:3)
  4 catoblepae
  A dancing weapon (Elf:1)
  23 death yaks
  An anaconda (Lair:4)
  13 two-headed ogres
  2 ogre magi
  A deep troll shaman (Lair:6)
  11 orc high priests
  A queen ant (Spider:1)
  Nergalle (D:11)
  Sonja (D:12)
  2 deep elf knights (Elf:1)
  The ghost of thewurscht the Martial Artist, a novice OpFi of Wu Jian (D:9)
  A spatial maelstrom (Abyss:1)
  A goliath frog (Swamp:1)
  A bog body (Swamp:1)
  A sixfirhy (Abyss:1)
  4 unseen horrors
  3 skeletal warriors
  A wizard (D:15)
  3 phantasmal warriors
  2 deep elf archers (Elf:1)
  4 orc knights
  3 necromancers
  12 ugly things
  5 orb spiders
  17 wolf spiders
  14 deep elf magi
  4 cyclopes
  An orc sorcerer (D:15)
  A will-o-the-wisp (Swamp:1)
  13 elephants
  Joseph (D:7)
  9 centaur zombies
  7 black mambas
  A manticore (D:15)
  A worldbinder (Abyss:1)
  A stone giant skeleton (D:15)
  Maurice (D:8)
  3 ice statues (IceCv)
  Psyche (D:12)
  Maggie (D:10)
  14 cane toads
  A smoke demon (Abyss:1)
  3 torpor snails
  A yaktaur zombie (D:15)
  A large abomination (Elf:1)
  5 gargoyles
  2 rime drakes
  A komodo dragon (shapeshifter) (D:10)
  10 demonic crawlers
  6 elf zombies
  4 yaktaurs (D:15)
  6 kobold demonologists (D:14)
  A freezing wraith (D:14)
  An anaconda simulacrum (Abyss:1)
  9 komodo dragons
  3 efreet
  6 ice devils (IceCv)
  A queen bee (D:11)
  3 polar bears
  8 trolls
  2 tengu conjurers
  25 jumping spiders
  Prince Ribbit (D:9)
  Grinder (D:4)
  4 tyrant leeches
  8 hornets
  13 blink frogs
  2 dream sheep (Lair:6)
  A ynoxinul (Abyss:1)
  6 spriggans
  22 redbacks
  A vampire (D:12)
  2 shadows
  11 wraiths
  3 basilisks
  54 yaks
  Eustachio (D:4)
  13 tarantellas
  5 wyverns
  A golden eye (shapeshifter) (D:14)
  4 vampire mosquitoes
  3 fire elementals
  A steam dragon (D:8)
  9 wargs
  27 soldier ants
  A soldier ant (shapeshifter) (D:14)
  2 acid dragons
  3 swamp worms
  22 water moccasins
  5 hell hounds (D:12)
  10 ice beasts
  33 orc warriors
  2 swamp drakes (Swamp:1)
  7 sky beasts
  2 phantoms
  3 black bears
  2 eyes of draining
  2 necrophages (D:8)
  A boggart (Lair:4)
  23 centaurs
  16 wolves
  9 ogres
  4 big kobolds
  An earth elemental (Elf:1)
  25 bullfrogs
  A small abomination (Abyss:1)
  3 wyvern zombies
  7 scorpions
  2 wyvern skeletons
  20 killer bees
  A troll skeleton (D:14)
  5 spriggan skeletons (D:14)
  A troll zombie (Abyss:1)
  16 wights
  A howler monkey (D:9)
  2 electric eels (D:14)
  A bullfrog zombie (D:8)
  5 jellies
  2 draconian simulacra (IceCv)
  A quasit (Abyss:1)
  10 hounds
  A gnoll shaman (D:7)
  55 orc priests
  23 orc wizards
  6 bullfrog skeletons
  6 centaur skeletons
  4 iguanas
  31 worker ants
  A troll simulacrum (IceCv)
  3 hound zombies
  A hound skeleton (D:10)
  Robin (D:4)
  10 gnolls
  11 adders
  3 ogre simulacra (IceCv)
  2 river rats (Sewer)
  A howler monkey skeleton (D:6)
  4 naga simulacra (IceCv)
  2 shadow imps
  3 white imps
  3 ufetubi
  2 oozes
  An adder zombie (D:6)
  3 adder skeletons
  4 worms
  4 dart slugs
  11 leopard geckos
  116 orcs
  4 ball pythons (Sewer)
  2 giant cockroaches
  13 goblins
  10 hobgoblins
  34 jackals
  53 kobolds
  6 quokkas
  7 bats
  10 frilled lizards
  A leopard gecko skeleton (D:9)
  32 rats
  2 bushes (Lair:5)
1275 creatures vanquished.

Vanquished Creatures (collateral kills)
  A swamp dragon (Swamp:1)
  A goliath frog (Swamp:1)
  A wolf spider (Spider:2)
  A hornet (Spider:2)
  3 jumping spiders
  4 redbacks
  A swamp worm (Swamp:1)
12 creatures vanquished.

Vanquished Creatures (others)
  A bloated husk (Swamp:1)
  5 humans (Lair:5)
  3 vampire mosquitoes (Swamp:1)
  An orc (D:12)
  A goblin (D:4)
  A kobold (D:14)
  4 foxfires (Swamp:1)
  54 fungi
  115 plants
  4 starspawn tentacles (Abyss:1)
189 creatures vanquished.

Grand Total: 1476 creatures vanquished

Notes
Turn   | Place    | Note
-------+----------+-------------------------------------------
     0 | D:1      | Peloso the Minotaur Fighter began the quest for the Orb.
     0 | D:1      | Reached XP level 1. HP: 19/19 MP: 0/0
   118 | D:1      | Reached XP level 2. HP: 27/27 MP: 1/1
   201 | D:1      | Reached skill level 4 in Shields
   489 | D:1      | Reached XP level 3. HP: 27/33 MP: 2/2
  1808 | D:2      | Reached XP level 4. HP: 40/40 MP: 3/3
  2471 | D:3      | Found a glowing drain.
  2476 | Sewer    | Entered a sewer
  2708 | Sewer    | Reached XP level 5. HP: 40/46 MP: 4/4
  3067 | Sewer    | Reached skill level 5 in Shields
  3402 | D:3      | Found a glowing silver altar of Zin.
  3536 | D:3      | Reached skill level 1 in Dodging
  3585 | D:4      | Found a snail-covered altar of Cheibriados.
  3643 | D:4      | Reached skill level 5 in Armour
  3643 | D:4      | Reached XP level 6. HP: 29/52 MP: 5/5
  4029 | D:4      | Reached skill level 5 in Long Blades
  4029 | D:4      | Reached skill level 6 in Shields
  4101 | D:4      | Noticed Grinder
  4104 | D:4      | Noticed Robin
  4130 | D:4      | Killed Robin
  4140 | D:4      | Killed Grinder
  4141 | D:4      | Reached XP level 7. HP: 42/60 MP: 6/6
  4269 | D:4      | Reached skill level 5 in Fighting
  4271 | D:4      | Noticed Eustachio
  4317 | D:4      | Killed Eustachio
  4474 | D:4      | Reached skill level 7 in Shields
  4914 | D:5      | Entered Level 5 of the Dungeon
  4914 | D:5      | Found Vadatas's Book Boutique.
  4934 | D:5      | Reached XP level 8. HP: 45/68 MP: 7/7
  5206 | D:5      | Got a masterwork chain mail
  5217 | D:5      | Identified the cursed +1 chain mail "Hunomn" {rN+++ rCorr
                  | Int-3 Stlth+} (You found it on level 5 of the Dungeon)
  6135 | D:6      | Reached skill level 1 in Stealth
  6361 | D:6      | Found Xymmyboe's Weapon Shoppe.
  6410 | D:6      | Reached skill level 8 in Shields
  6423 | D:6      | Reached XP level 9. HP: 75/75 MP: 8/8
  6667 | D:7      | Noticed Joseph
  6698 | D:7      | Killed Joseph
  6714 | D:7      | Found a flagged portal.
  6824 | D:7      | Reached skill level 9 in Shields
  6842 | D:7      | Found Puupteo's Assorted Antiques.
  6848 | D:7      | Found a white marble altar of Elyvilon.
  6922 | D:7      | Noticed a two-headed ogre
  6939 | D:7      | Killed a two-headed ogre
  6940 | D:7      | Reached skill level 10 in Long Blades
  6983 | Bailey   | Entered a bailey
  7361 | Bailey   | Reached XP level 10. HP: 69/86 MP: 9/9
  7443 | Bailey   | Reached skill level 10 in Shields
  7819 | D:7      | Found an iron altar of Okawaru.
  7825 | D:7      | Became a worshipper of Warmaster Okawaru
  7935 | D:7      | Found a staircase to the Ecumenical Temple.
  8266 | D:8      | Found a glowing golden altar of the Shining One.
  8390 | D:8      | Reached skill level 1 in Evocations
  8464 | D:8      | Noticed a cyan ugly thing
  8480 | D:8      | Killed a cyan ugly thing
  8559 | D:8      | Found a burning altar of Makhleb.
  8568 | D:8      | Reached * piety under Okawaru
  8670 | D:8      | Noticed a cyclops
  8674 | D:8      | Found the +5 robe of Misfortune {*Contam Harm *Corrode
                  | *Drain *Slow EV+5}
  8677 | D:8      | Noticed Maurice
  8685 | D:8      | Killed a cyclops
  8692 | D:8      | Killed Maurice
  9322 | D:9      | Found a runed translucent gate.
  9322 | D:9      | Found a runed translucent gate.
  9322 | D:9      | Found a runed translucent gate.
  9373 | D:9      | Found Yrukhlaf's Distillery.
  9407 | D:9      | Reached ** piety under Okawaru
  9408 | D:9      | Reached skill level 11 in Shields
  9462 | D:9      | Found a staircase to the Lair.
  9462 | D:9      | Noticed Prince Ribbit
  9520 | D:9      | Killed Prince Ribbit
  9831 | D:9      | Found an opulent altar of Gozag.
  9833 | D:9      | Found Cietir's Assorted Antiques.
  9833 | D:9      | Noticed thewurscht's ghost (novice OpFi)
 10130 | D:10     | Entered Level 10 of the Dungeon
 10139 | D:10     | Noticed a gargoyle
 10151 | D:10     | Killed a gargoyle
 10275 | D:10     | Paralysed by a hornet for 1 turns
 10278 | D:10     | Reached XP level 11. HP: 65/94 MP: 7/10
 10752 | D:10     | Reached *** piety under Okawaru
 10989 | D:10     | Noticed a white ugly thing
 11021 | D:10     | Killed a white ugly thing
 11260 | D:10     | Noticed Maggie
 11266 | D:10     | Killed Maggie
 11275 | D:10     | Reached skill level 12 in Shields
 11914 | D:11     | Noticed a centaur warrior
 11928 | D:10     | Killed a centaur warrior
 11928 | D:10     | Reached **** piety under Okawaru
 12152 | D:11     | Noticed a deep elf mage
 12172 | D:11     | Killed a deep elf mage
 12252 | D:11     | Noticed a purple ugly thing
 12261 | D:11     | Killed a purple ugly thing
 12261 | D:11     | Reached ***** piety under Okawaru
 12262 | D:11     | Reached skill level 10 in Armour
 12493 | D:11     | Reached XP level 12. HP: 104/104 MP: 11/11
 12504 | D:11     | Noticed Nergalle
 12518 | D:11     | Killed Nergalle
 12539 | D:11     | Found a snail-covered altar of Cheibriados.
 12573 | D:11     | Found Xidgh's Weapon Emporium.
 12651 | D:11     | Reached skill level 13 in Shields
 12979 | D:11     | Noticed a death knight
 13315 | Lair:1   | Entered Level 1 of the Lair of Beasts
 13333 | D:9      | Received a gift from Okawaru
 13793 | Lair:1   | Noticed an eight-headed hydra
 13825 | Lair:2   | Found a hole to the Spider Nest.
 14177 | Lair:2   | Reached skill level 10 in Fighting
 14191 | Lair:2   | Reached skill level 14 in Shields
 14810 | Lair:2   | Received a gift from Okawaru
 14813 | Lair:2   | Got twisted fire dragon scales {god gift}
 14850 | Lair:2   | Identified the +1 fire dragon scales "Romiar" {rF++ rC- rN+
                  | Dex+5} (Okawaru gifted it to you on level 2 of the Lair of
                  | Beasts)
 15095 | Lair:3   | Noticed an eight-headed hydra
 15163 | Lair:1   | Killed an eight-headed hydra
 15164 | Lair:1   | Reached skill level 5 in Dodging
 15317 | Lair:1   | Noticed a four-headed hydra
 15327 | Lair:1   | Killed a four-headed hydra
 15681 | Lair:1   | Reached XP level 13. HP: 113/113 MP: 12/12
 16612 | D:11     | Reached skill level 15 in Shields
 16927 | D:12     | Noticed Psyche
 16932 | D:12     | Cast into level 1 of the Abyss (Psyche)
 17068 | Abyss:1  | Noticed a starcursed mass
 17076 | Abyss:1  | Killed a starcursed mass
 17076 | Abyss:1  | Reached ****** piety under Okawaru
 17105 | Abyss:1  | Noticed a starcursed mass
 17193 | Abyss:1  | Noticed a tentacled starspawn
 17225 | Abyss:1  | Killed a tentacled starspawn
 17225 | Abyss:1  | Received a gift from Okawaru
 17312 | D:12     | Escaped the Abyss
 17317 | D:12     | Found Gistrunt's Demolitions Depot.
 17346 | D:12     | Found a frozen archway.
 17348 | D:12     | Noticed Rupert
 17348 | D:12     | Paralysed by Rupert for 2 turns
 17355 | IceCv    | Entered an ice cave
 18266 | IceCv    | Reached skill level 16 in Shields
 18820 | D:12     | Reached skill level 15 in Long Blades
 18872 | D:12     | Noticed Sonja
 18887 | D:12     | Killed Sonja
 19171 | D:12     | Killed Psyche
 19187 | D:12     | Killed Rupert
 19439 | D:12     | Noticed Azrael
 19836 | D:12     | Reached XP level 14. HP: 113/124 MP: 13/13
 19850 | D:12     | Killed Azrael
 20344 | D:12     | Found a staircase to the Orcish Mines.
 20541 | Lair:3   | Reached skill level 1 in Invocations
 20714 | Lair:3   | Received a gift from Okawaru
 20779 | Lair:3   | Identified the +1 ring mail of a bailey {Regen+ Str+4
                  | Slay-6} (Okawaru gifted it to you on level 3 of the Lair of
                  | Beasts)
 21368 | Lair:3   | Reached skill level 17 in Shields
 21927 | Lair:3   | Found a staircase to the Swamp.
 22529 | Lair:4   | Found a runed translucent door.
 22633 | Lair:4   | Identified the +5 trident "Tuaq" {drain, *Drain +Blink
                  | MP+9}
 22634 | Lair:4   | Noticed hidenotslide's ghost (journeyman MiMo)
 23430 | D:9      | Bought a potion of mutation for 128 gold pieces
 23430 | D:9      | Bought a potion of heal wounds for 80 gold pieces
 23478 | D:9      | Killed thewurscht's ghost
 23575 | D:9      | Bought a scroll labelled OVOUPR DUQUOXT for 19 gold pieces
 23576 | D:9      | Bought a scroll of blinking for 142 gold pieces
 23576 | D:9      | Bought a potion of berserk rage for 95 gold pieces
 23681 | Orc:1    | Entered Level 1 of the Orcish Mines
 23681 | Orc:1    | Found Moten's Jewellery Shoppe.
 23681 | Orc:1    | Noticed Erolcha
 23688 | Orc:1    | Killed Erolcha
 23804 | D:12     | HP: 5/127 [two-headed ogre/+0 giant spiked club (5)]
 24109 | Orc:1    | Bought a cursed ring of teleportation for 58 gold pieces
 24109 | Orc:1    | Bought a cursed ring of attention for 58 gold pieces
 24121 | Orc:1    | Received a gift from Okawaru
 24660 | Orc:1    | Found Asudoeg's Antique Weapon Shop.
 25179 | Orc:1    | Found a roughly hewn altar of Beogh.
 25396 | Orc:2    | Entered Level 2 of the Orcish Mines
 25418 | Orc:2    | Reached skill level 18 in Shields
 25648 | Orc:2    | Received a gift from Okawaru
 25660 | Orc:2    | Found Zifupn's Book Shoppe.
 25660 | Orc:2    | Found Noisokk's Jewellery Boutique.
 25671 | Orc:2    | Reached XP level 15. HP: 46/134 MP: 14/14
 26259 | Orc:2    | HP: 5/134 [sixfirhy[an orc high priest] (12)]
 26610 | Orc:2    | Found a staircase to the Elven Halls.
 26792 | Orc:2    | Found Wusuikk's Armour Shoppe.
 26792 | Orc:2    | Found Bebrul's Gadget Boutique.
 26869 | Orc:2    | Bought a wand of digging (4) for 272 gold pieces
 27095 | Orc:2    | Found a roughly hewn altar of Beogh.
 28442 | D:13     | Received a gift from Okawaru
 28505 | D:13     | Found Atzuej's Distillery.
 28508 | D:13     | Bought a potion of mutation for 112 gold pieces
 28508 | D:13     | Bought a potion of heal wounds for 70 gold pieces
 28508 | D:13     | Bought a potion of heal wounds for 70 gold pieces
 28508 | D:13     | Bought a potion of might for 56 gold pieces
 29023 | D:14     | Noticed Josephine
 29710 | D:14     | Killed Josephine
 29867 | D:14     | Reached skill level 19 in Shields
 29929 | D:14     | Received a gift from Okawaru
 29932 | D:14     | Got a fading hat {god gift}
 29938 | D:14     | Identified the +1 hat of Complete Protection {MR+ Str+2
                  | Slay+3} (Okawaru gifted it to you on level 14 of the
                  | Dungeon)
 30921 | D:14     | Found a gate to the Vaults.
 32140 | Lair:5   | Reached XP level 16. HP: 103/146 MP: 15/15
 32691 | Lair:5   | Noticed Kirke
 32702 | Lair:5   | Killed Kirke
 33020 | Lair:5   | Found a staircase to the Slime Pits.
 33261 | Lair:6   | Entered Level 6 of the Lair of Beasts
 33330 | Lair:6   | Received a gift from Okawaru
 33338 | Lair:6   | Got a crude demon blade {god gift}
 33339 | Lair:6   | Identified the +6 demon blade "Xaewit" {drain, rF+}
                  | (Okawaru gifted it to you on level 6 of the Lair of Beasts)
 33446 | Lair:6   | Reached skill level 20 in Shields
 34665 | Lair:6   | Reached skill level 15 in Fighting
 34694 | Lair:6   | Received a gift from Okawaru
 35573 | D:15     | Entered Level 15 of the Dungeon
 35648 | D:15     | Got a pair of smoking boots
 35659 | D:15     | Identified the +1 pair of boots of the Planets {Str+2} (You
                  | found it on level 15 of the Dungeon)
 36470 | D:15     | Found a staircase to the Depths.
 36501 | D:15     | Reached XP level 17. HP: 130/156 MP: 17/17
 37405 | Lair:4   | Reached skill level 21 in Shields
 37414 | Lair:4   | Killed hidenotslide's ghost
 37765 | Orc:1    | Bought the +9 sword of Zonguldrok {reap} for 2000 gold
                  | pieces
 37765 | Orc:1    | Found the +9 sword of Zonguldrok {reap}
 37930 | Spider:1 | Entered Level 1 of the Spider Nest
 38539 | Spider:1 | Received a gift from Okawaru
 41032 | Spider:3 | Received a gift from Okawaru
 43144 | Swamp:1  | Entered Level 1 of the Swamp
 43155 | Swamp:1  | Reached skill level 22 in Shields
 44450 | Elf:1    | Entered Level 1 of the Elven Halls
 44450 | Elf:1    | Found Liofatur's Distillery.
 44473 | Elf:1    | Bought a potion of might for 60 gold pieces
 44482 | Elf:1    | Found Samozxes's Distillery.
 44489 | Elf:1    | Noticed Frances
 44520 | Elf:1    | Killed Frances
 44594 | Elf:1    | Reached XP level 18. HP: 60/166 MP: 18/18
 44626 | Elf:1    | Received a gift from Okawaru
 44647 | Elf:1    | Killed from afar by a deep elf mage

Illustrated notes

Levels and vault maps discovered:
D:1:      eino_arrival_tree_alley, layout_basic
D:2:      layout_basic
D:3:      layout_rooms, zin_treasury, gup_sewer_entry_bowl,
          grunt_decor_fettered, st_stairs_10
D:4:      layout_basic, kennysheep_slug_shrine, hangedman_minor_gate_pass,
          uniq_eustachio, uniq_grinder, uniq_robin
D:5:      layout_basic, serial_shops, nicolae_shop_statue_plus
D:6:      layout_rooms, serial_shops, kennysheep_little_box, kennysheep_diamond
D:7:      layout_rooms, temple_doors_e, basic_altar, serial_shops,
          nicolae_shop_overgrown_old_shop, enter_bailey_8,
          okawaru_metal_pillars_3, uniq_joseph
D:8:      minmay_bloctagon_deflated, layout_basic, kennysheep_mini,
          nicolae_overflow_crystal_walls, uniq_maurice
D:9:      layout_long_grid, erik_lair_orcish_takeover, serial_shops, shop,
          ebering_ghost_gozag, uniq_prince_ribbit1
D:10:     layout_layer_cave, minmay_between, uniq_maggie
D:11:     minmay_ambush_box, layout_irregular_city, basic_altar, serial_shops,
          shop, minivault_7, uniq_nergalle
D:12:     layout_rooms, orc_0_dummy, portal_ice_cave_entry_pillars_2,
          special_room [special_room_orc], wad_floor_pattern_1,
          nicolae_blasting_shop, kennysheep_minor_cross, uniq_sonja,
          uniq_psyche, uniq_azrael, uniq_rupert
D:13:     layout_layer_cave, serial_shops, nicolae_shop_behind_doors
D:14:     layout_basic, lightli_vaults_fourway_checkpoint,
          minmay_misc_feat_tiny, serial_ice, serial_ice_a, serial_ice_g,
          serial_ice_c, serial_ice_j, serial_ice_o, serial_ice_d,
          hangedman_tell_no_tales, uniq_josephine
D:15:     gammafunk_depths_entry_grave, layout_stronghold,
          corexii_leaking_fountain, hangedman_decor_diamond_cutter,
          lightli_fourway_metalbox
Lair:1:   layout_gridlike, hangedman_lair_unloving_vines, beast_lair_carwin_11,
          grunt_megastairs_5, serial_bayou_shore_b
Lair:2:   layout_regular_city, dummy_spider_entry
Lair:3:   layout_cave_pods, palyth_hydra_swamp_entry, lemuel_fruit_tree,
          infiniplex_staircase_pool
Lair:4:   beast_lair_carwin_large_1, layout_cave_pods,
          ebering_ghost_funeral_grove, minivault_25, st_stairs_13, minivault_11
Lair:5:   wad_woods_settlement, layout_regular_city, dpeg_slime_entry_corner,
          uniq_kirke
Lair:6:   grunt_lair_end_beastmaster, layout_regular_city, grunt_megastairs_3
Swamp:1:  layout_falls_marsh, nicolae_swamp_round_clearing, swamp_pool5
Spider:1: layout_chambers, minivault_29
Spider:2: layout_chambers
Spider:3: layout_spider_delve, drop_trap
Orc:1:    layout_caves, serial_shops, shop, nicolae_shop_statue_plus,
          special_room [special_room_orc], minmay_orc_temple_c, uniq_erolcha
Orc:2:    st_orc_town, layout_caves
Elf:1:    layout_geoelf_grid, special_room [special_room_orc],
          portal_desolation_entry_nicolae_slug, serial_shops, shop, shop,
          minmay_elf_necromancy, st_stairs_9, sword_in_stone, uniq_frances

Skill      XL: |  1  2  3  4  5  6  7  8  9 10 11 12 13 14 15 16 17 |
---------------+----------------------------------------------------+-----
Shields        | 4 5 6 7 8 9 11 12 14 16 18 19 20 22 | 22.3
Fighting       | 4 5 6 7 8 9 10 11 12 14 15 16 | 16.3
Armour         | 4 5 6 7 8 9 10 11 12 13 14 | 14.8
Long Blades    | 3 4 5 6 8 10 12 13 14 15 16 17 18 | 18.7
Dodging        | 1 2 3 4 5 6 7 8 |  8.2
Stealth        | 1 2 3 |  3.4
Evocations     | 1 2 |  2.3
Invocations    | 1 |  1.5

Action                   |  1- 3 |  4- 6 |  7- 9 | 10-12 | 13-15 | 16-18 || total
-------------------------+-------+-------+-------+-------+-------+-------++-------
Melee: Long sword        |   139 |   235 |   366 |       |       |       ||   740
       Headbutt          |    26 |    39 |    99 |   175 |   409 |   358 ||  1106
       Scimitar          |       |       |    35 |   756 |   873 |    16 ||  1680
       Demon blade       |       |       |       |       |   371 |   400 ||   771
       Double sword      |       |       |       |       |   386 |   683 ||  1069
Invok: Heroism           |       |       |       |     4 |    13 |     3 ||    20
 Abil: Evoke Flight      |       |       |     2 |     1 |       |       ||     3
Evoke: Wand              |       |       |       |    14 |    12 |       ||    26
  Use: Potion            |     4 |       |     4 |     2 |     7 |     7 ||    24
       Scroll            |       |     8 |     9 |     8 |    12 |     3 ||    40
 Stab: Distracted        |       |       |       |     1 |       |     2 ||     3
       Paralysed         |       |       |       |       |     1 |       ||     1
       Confused          |       |       |       |       |     1 |       ||     1
Armor: Scale mail        |    82 |   107 |    51 |       |       |       ||   240
       Chain mail        |       |       |   128 |   195 |   403 |   364 ||  1090
       Fire dragon scale |       |       |       |       |     5 |       ||     5
Dodge: Dodged            |    43 |    75 |   105 |   155 |   349 |   352 ||  1079
Block: Kite shield       |    95 |   160 |   333 |   688 |  1495 |  1285 ||  4056
       Reflection        |       |       |    16 |    15 |    70 |    54 ||   155
       Rpst.: Long sword |    11 |    17 |    28 |       |       |       ||    56
       Scimitar          |       |       |       |    36 |    41 |       ||    77
       Demon blade       |       |       |       |       |    17 |    17 ||    34
       Double sword      |       |       |       |       |    16 |    43 ||    59

Table legend: (Time is in decaauts)
 A = Elapsed time spent in this place.
 B = Non-inter-level travel time spent in this place.
 C = Inter-level travel time spent in this place.
 D = Time resting spent in this place.
 E = Time spent auto-exploring this place.
 F = Levels seen in this place.
 G = Mean time per level.
                   A        B        C        D        E       F      G
               +--------+--------+--------+--------+--------+-----+--------+
         Total |  43896 |  41115 |   2781 |   6628 |  24343 |  32 | 1371.8 |
       Dungeon |  21224 |  19790 |   1434 |   2523 |  12001 |  15 | 1414.9 |
          Lair |  10346 |   9264 |   1082 |    461 |   6716 |   6 | 1724.3 |
         Swamp |    659 |    637 |     22 |      0 |    501 |   1 |  659.0 |
   Spider Nest |   5004 |   4858 |    146 |   1236 |   2910 |   3 | 1668.0 |
  Orcish Mines |   3132 |   3037 |     95 |   1214 |   1104 |   2 | 1566.0 |
   Elven Halls |    171 |    171 |      0 |      0 |      0 |   1 |  171.0 |
         Abyss |    358 |    358 |      0 |      0 |    187 |   1 |  358.0 |
         Sewer |    846 |    846 |      0 |      0 |    497 |   1 |  846.0 |
        Bailey |    740 |    740 |      0 |    361 |    112 |   1 |  740.0 |
      Ice Cave |   1414 |   1414 |      0 |    833 |    314 |   1 | 1414.0 |
               +--------+--------+--------+--------+--------+-----+--------+

Top non-repeatable levels by time:
Spider:2: 2648 daAuts
    D:10: 2429 daAuts
  Lair:3: 2292 daAuts
    D:13: 2253 daAuts
  Lair:1: 1973 daAuts
    D:11: 1969 daAuts
    D:14: 1895 daAuts
  Lair:6: 1851 daAuts
    D:12: 1803 daAuts
  Lair:4: 1691 daAuts
Spider:1: 1663 daAuts
   Orc:1: 1624 daAuts
     D:9: 1562 daAuts
   Orc:2: 1508 daAuts
    D:15: 1454 daAuts
